AoeStats
← DUNCAN

African Clearing

510701075Analyzed
4v4 RM · 8h ago on Oct 2, 2026· 51m 53s· 8 players
Game mode
Random Map
Map size
Large (8 player)
Population
200
Speed
Normal
Resources
Standard
Victory
Conquest
Starting age
Dark Age
Ending age
Imperial Age
RankedLock teamsTeams togetherTeam positionsShared explorationLock speedFull tech treeHidden civsTurbo modeCheats
Victory
Defeat
🇨🇳 Armenians · China
961
+14
🇨🇳 Mongols · China
950
+15
🇨🇳 Burgundians · China
950
+15
🇨🇳 Varangians · China
900
+16
🇨🇳 Armenians · China
930
-15
🇦🇷 Magyars · Argentina
929
-15
🇦🇷 Mongols · Argentina
925
-16
🇩🇪 Huns · Germany
899
-14
julian_venom
11:18 Loom
17:08 Feudal Age
18:36 Wheelbarrow
18:25 Double-Bit Axe
20:39 Stone Mining
20:40 Gold Mining
21:41 Horse Collar
30:56 Castle Age
29:42 Scale Barding Armor
29:53 Bloodlines
31:52 Hand Cart
31:52 Bow Saw
31:44 Heavy Plow
32:26 Gold Shaft Mining
33:45 Caravan
40:48 Imperial Age
39:19 Chain Barding Armor
39:05 Husbandry
39:42 Marauders
47:32 Elite Tarkan
49:42 Atheism
49:43 Conscription
50:05 Plate Barding Armor
DUNCAN
12:48 Loom
15:30 Loom
17:48 Feudal Age
19:09 Double-Bit Axe
22:35 Bloodlines
26:39 Stone Mining
26:41 Gold Mining
29:04 Castle Age
27:51 Fletching
28:09 Scale Barding Armor
29:25 Stone Mining
33:24 Horse Collar
37:59 Wheelbarrow
37:09 Town Watch
40:37 Ballistics
41:05 Bow Saw
43:37 Wheelbarrow
42:48 Town Watch
43:23 Crossbowman
47:11 Imperial Age
47:39 Fletching
47:50 Padded Archer Armor
48:59 Hand Cart
48:44 Town Patrol
48:15 Heavy Cavalry Archer
笙箫楠兮
12:44 Loom
14:39 Feudal Age
15:48 Man-at-Arms
16:51 Horse Collar
17:14 Double-Bit Axe
16:58 Long Swordsman
18:34 Scale Mail Armor
18:56 Arson
20:10 Forging
26:18 Wheelbarrow
28:51 Castle Age
31:56 Pikeman
35:06 Heavy Plow
35:39 Bow Saw
35:23 Elite Skirmisher
Sukhavati
13:33 Loom
15:49 Feudal Age
20:48 Castle Age
19:50 Fletching
22:18 Bodkin Arrow
28:33 Double-Bit Axe
28:49 Horse Collar
34:41 Ballistics
35:12 Masonry
36:43 Wheelbarrow
37:52 Padded Archer Armor
42:32 Imperial Age
41:09 Leather Archer Armor
42:43 Elite Mangudai
43:46 Conscription
44:41 Chemistry
43:43 Bracer
46:49 Bow Saw
46:41 Heavy Plow
46:48 Gold Mining
46:50 Stone Mining
47:22 Siege Engineers
46:53 Heavy Scorpion
47:59 Conscription
48:01 Drill
49:12 Hand Cart
高老头子
5:51 Loom
14:07 Feudal Age
18:30 Castle Age
18:05 Stone Mining
18:31 Double-Bit Axe
26:11 Fletching
27:05 Padded Archer Armor
29:00 Bodkin Arrow
31:44 Bloodlines
34:13 Bow Saw
39:59 Imperial Age
40:05 Leather Archer Armor
40:22 Ballistics
41:33 Conscription
43:17 Drill
44:03 Chemistry
50:23 Elite Mangudai
精神老头
5:27 Loom
14:42 Feudal Age
14:42 Double-Bit Axe
15:55 Gold Mining
20:16 Castle Age
18:36 Bow Saw
20:00 Town Watch
20:52 Wheelbarrow
22:29 Gold Shaft Mining
25:36 Cavalier
26:16 Husbandry
28:47 Two-Man Saw
32:15 Horse Collar
35:39 Forging
35:35 Scale Barding Armor
40:39 Iron Casting
41:17 Heavy Plow
45:01 Chain Barding Armor
51:27 Hand Cart
51:13 Town Patrol
hold up
2:58 Loom
12:59 Feudal Age
14:10 Double-Bit Axe
14:12 Man-at-Arms
15:07 Long Swordsman
15:55 Arson
31:01 Gold Mining
31:03 Stone Mining
32:49 Wheelbarrow
35:13 Castle Age
33:36 Horse Collar
35:41 Town Watch
37:38 Bow Saw
38:06 Gold Shaft Mining
39:17 Heavy Plow
41:50 Hand Cart
43:52 Gambesons
44:10 Squires
43:31 Two-Handed Swordsman
45:44 Fletching
45:54 Padded Archer Armor
46:21 Ballistics
45:42 Treadmill Crane
45:58 Murder Holes
46:14 Fortified Wall
46:29 Town Watch
49:24 Caravan
51:54 Bodkin Arrow
52:15 Leather Archer Armor
Iluvatar
12:50 Loom
16:57 Feudal Age
17:04 Feudal Age
19:31 Double-Bit Axe
22:00 Castle Age
23:25 Bow Saw
25:52 Horse Collar
26:07 Stone Mining
28:15 Heavy Plow
30:44 Gold Mining
36:47 Imperial Age
35:00 Wheelbarrow
35:17 Town Watch
36:18 Gambesons
36:34 Squires
36:20 Arson
36:47 Forging
36:39 Scale Mail Armor
36:44 Scale Barding Armor
37:27 Hand Cart
37:13 Town Patrol
38:29 Crop Rotation
39:01 Two-Man Saw
39:02 Conscription
39:26 Iron Casting
39:06 Chain Mail Armor
38:56 Gothikon
39:06 Elite Varangian Guard
41:14 Blast Furnace
40:25 Elite Jarl
42:34 Plate Mail Armor
42:29 Guilds
42:43 Guilds
42:58 Chain Barding Armor
46:15 Plate Barding Armor
Connection lost

Rejoining the realm…

Still unreachable

The connection could not be restored.

Session expired

The server has moved on; the page needs a fresh start.